 Dungeon Crawl Stone Soup version 0.23.2-1-ga50397a6bc (webtiles) character file.

Game seed: 13548928245003718062

1057 Mrkan the Basher (level 8, -4/52 HPs)
             Began as a Gargoyle Monk on May 24, 2019.
             Was a Believer of Qazlal.
             Slain by an orc warrior
             ... wielding a +0 mace
              (12 damage)
             ... on level 6 of the Dungeon.
             The game lasted 00:09:27 (4941 turns).

Mrkan the Basher (Gargoyle Monk)                    Turns: 4941, Time: 00:09:27

Health: -4/52      AC: 18    Str: 20      XL:     8   Next: 26%
Magic:  8/8        EV:  8    Int: 10      God:    Qazlal [**....]
Gold:   254        SH:  3    Dex: 12 (13) Spells: 7/7 levels left

rFire    . . .     SeeInvis +   a - +0 mace
rCold    . . .     Gourm    .   (no shield)
rNeg     + . .     Faith    .   n - +1 chain mail {rPois}
rPois    ∞         Spirit   .   (no helmet)
rElec    +         Reflect  .   u - +0 cloak
rCorr    .         Harm     .   r - +2 pair of gloves
MR       .....                  (no boots)
Stlth    ..........             (no amulet)
HPRegen  0.17/turn              f - +3 ring of strength
MPRegen  0.11/turn              g - ring of see invisible

@: no status effects
A: negative energy resistance 1, electricity resistance, unbreathing,
petrification resistance, rot immunity, AC +5
a: Upheaval, Renounce Religion


You were on level 6 of the Dungeon.
You worshipped Qazlal.
Qazlal was pleased with you.
You were very hungry.

You visited 1 branch of the dungeon, and saw 6 of its levels.
You also visited: Sewer.

You collected 254 gold pieces.

Inventory:

Hand Weapons
 a - a +0 mace (weapon)
Missiles
 k - 8 poisoned tomahawks (quivered)
Armour
 n - a +1 chain mail of poison resistance (worn)
 r - a +2 pair of gloves (worn)
 u - a +0 cloak (worn)
Jewellery
 f - a +3 ring of strength (left hand)
 g - a ring of see invisible (right hand)
Wands
 v - a wand of disintegration (15)
 y - a wand of paralysis (8)
Scrolls
 d - a scroll of amnesia {unknown}
 e - 2 scrolls of teleportation {unknown}
 i - 5 scrolls of remove curse {unknown}
 l - 2 scrolls of enchant armour {unknown}
 m - 2 scrolls of immolation {unknown}
 p - a scroll of magic mapping {unknown}
 s - 4 scrolls of identify {unknown}
 x - a scroll of enchant weapon {unknown}
Potions
 b - a potion of lignification {unknown}
 h - 3 potions of flight {unknown}
 j - 2 potions of heal wounds {unknown}
 o - 3 potions of curing {unknown}
 q - 3 potions of might {unknown}
 t - a potion of degeneration {unknown}
 w - a potion of mutation {unknown}
 z - a potion of brilliance {unknown}
 A - a potion of haste {unknown}
Comestibles
 c - 10 rations


   Skills:
 - Level 6.7 Fighting
 * Level 8.3 Maces & Flails
 - Level 2.4 Dodging
 - Level 2.1 Stealth
 * Level 0.7 Invocations


You had 7 spell levels left.
You didn't know any spells.
Your spell library was empty.

Dungeon Overview and Level Annotations

Branches:
Dungeon (6/15)
 Temple: D:4-7

Altars:
Qazlal
Ru

Annotations:
D:6 Prince Ribbit


Innate Abilities, Weirdness & Mutations

You are resistant to torment.
Your stone body is resilient. (AC +5)
You are immune to poison.
You resist negative energy. (rN+)
You are resistant to electric shocks. (rElec)
You can survive without breathing.
You are immune to petrification.
You are immune to rotting.


Message History

The orc hits you but does no damage.
The orc warrior hits you with a +0 mace!
You barely miss the orc warrior.
The orc warrior is severely wounded.
The orc hits you with a cursed -2 war axe.
* * * LOW HITPOINT WARNING * * *
You hit the orc warrior.
The orc warrior is severely wounded.
The orc warrior hits you with a +0 mace.
* * * LOW HITPOINT WARNING * * *
You block the orc's attack.
You barely miss the orc warrior.
The orc warrior is severely wounded.
The orc warrior hits you with a +0 mace.
* * * LOW HITPOINT WARNING * * *
The orc closely misses you.
You hit the orc warrior but do no damage.
The orc warrior is severely wounded.
The orc warrior hits you with a +0 mace!
You die...

## #######......# ## ...
.###..# #....<.###. ..
..#...###......##.. ..
.###...#.......##.. .
..##..............#.##
..###......#......#..#
...........##..##.†..#
...........##...#o...#
.......#....#...@o#......
......##.....#..### .....
..##..#...##.... .[..
..#.......###... ...
......... #.... ..
..#...#.. ...... .
#.......###.....
........# #.....
.........


You could see an orc warrior and an orc.

Vanquished Creatures
  An ice beast (D:5)
  A phantom (D:4)
  A big kobold (Sewer)
  2 bullfrogs (D:6)
  2 howler monkeys
  A bullfrog zombie (D:4)
  2 centaur zombies
  A quasit (D:6)
  A bullfrog skeleton (D:4)
  A centaur skeleton (D:4)
  An iguana (D:4)
  5 worker ants
  A killer bee zombie (D:5)
  A hound zombie (D:4)
  3 worker ant zombies (D:4)
  8 adders
  2 river rats
  2 adder skeletons
  A worm (D:3)
  A dart slug (D:1)
  5 leopard geckos
  2 orcs
  7 giant cockroaches
  9 goblins
  10 hobgoblins
  5 jackals
  11 kobolds
  A quokka (D:6)
  A ball python (D:3)
  A ball python zombie (D:4)
  3 bats
  6 frilled lizards
  A giant cockroach zombie (D:6)
  A jackal zombie (D:4)
  A leopard gecko skeleton (D:6)
  19 rats
121 creatures vanquished.

Notes
Turn   | Place    | Note
-------+----------+-------------------------------------------
     0 | D:1      | Mrkan the Gargoyle Monk began the quest for the Orb.
     0 | D:1      | Reached XP level 1. HP: 14/14 MP: 1/1
   127 | D:1      | Reached XP level 2. HP: 8/19 MP: 2/2
   625 | D:1      | Reached XP level 3. HP: 12/24 MP: 3/3
  1065 | D:2      | Reached skill level 4 in Maces & Flails
  1835 | D:3      | Reached XP level 4. HP: 25/29 MP: 4/4
  2297 | D:3      | Reached XP level 5. HP: 32/34 MP: 5/5
  2314 | D:3      | Reached skill level 5 in Maces & Flails
  2324 | D:3      | Found a glowing drain.
  2336 | Sewer    | Entered a sewer
  2441 | Sewer    | Noticed a big kobold
  2495 | Sewer    | Killed a big kobold
  2538 | Sewer    | Found a white marble altar of Elyvilon.
  2822 | D:4      | Reached XP level 6. HP: 31/40 MP: 6/6
  2827 | D:4      | Reached skill level 5 in Fighting
  2840 | D:4      | Reached skill level 6 in Maces & Flails
  3192 | D:4      | Reached XP level 7. HP: 41/44 MP: 7/7
  3370 | D:4      | Reached skill level 7 in Maces & Flails
  3532 | D:5      | Entered Level 5 of the Dungeon
  3904 | D:5      | Found a sacrificial altar of Ru.
  3925 | D:5      | Found a stormy altar of Qazlal.
  3952 | D:5      | Became a worshipper of Qazlal Stormbringer
  3952 | D:5      | Reached * piety under Qazlal
  3952 | D:5      | Reached ** piety under Qazlal
  4381 | D:6      | Noticed Prince Ribbit
  4657 | D:6      | Reached XP level 8. HP: 22/52 MP: 8/8
  4668 | D:6      | Reached skill level 8 in Maces & Flails
  4941 | D:6      | Slain by an orc warrior

Skill      XL: |  1  2  3  4  5  6  7  8 |
---------------+-------------------------+-----
Maces & Flails | 4 5 6 7 8 |  8.3
Fighting       | 4 5 6 |  6.7
Dodging        | |  2.4
Stealth        | |  2.1
Invocations    | |  0.7

Action                   |  1- 3 |  4- 6 |  7- 9 || total
-------------------------+-------+-------+-------++-------
Melee: Mace              |   167 |   285 |   254 ||   706
 Stab: Sleeping          |     1 |       |       ||     1
  Eat: Chunk             |     3 |     2 |     5 ||    10
       Ration            |       |     1 |       ||     1
Armor: Robe              |     9 |       |       ||     9
       Ring mail         |    20 |       |       ||    20
       Chain mail        |    76 |   200 |   252 ||   528
Dodge: Dodged            |    90 |    95 |    96 ||   281
Block: Other             |       |       |    19 ||    19
